A
ORLANDO BLACKBIRDS @ LITTLE ROCK TRAVELERS
04/29/2060
 
TOP OF THE 1ST
Orlando Blackbirds batting - Pitching for Little Rock Travelers : RHP Jefferson Holewa
Pitching: RHP Jefferson Holewa
Batting: RHB Oscar Wilson 0-0: Ball
1-0: Swinging Strike
1-1: Foul Ball, location: 2F
1-2: Strikes out swinging
Batting: RHB Alden Bradley 0-0: Called Strike
0-1: Ball
1-1: Fly out, F7 (Flyball, 7D, EV 98.8 MPH)
Batting: RHB Braden Sacks 0-0: Ball
1-0: Foul Ball, location: 2F
1-1: Ball
2-1: Foul Ball, location: 2F
2-2: Foul Ball, location: 2F
2-2: Fly out, F8 (Flyball, 89D, EV 86.2 MPH)
Top of the 1st over - 0 runs, 0 hits, 0 errors, 0 left on base; Orlando 0 - Little Rock 0
BOTTOM OF THE 1ST
Little Rock Travelers batting - Pitching for Orlando Blackbirds : LHP Geoff Roy
Pitching: LHP Geoff Roy
Batting: LHB Sanford Davis 0-0: Ball
1-0: Called Strike
1-1: Swinging Strike
1-2: Ball
2-2: Foul Ball, location: 2F
2-2: Foul Ball, location: 2F
2-2: Ball
3-2: Foul Ball, location: 2F
3-2: Base on Balls
Batting: RHB Cody Tolley 0-0: 2-RUN HOME RUN (Flyball, 7LD, EV 91.9 MPH), Distance : 325 ft
Batting: SHB Stuart Owens 0-0: Called Strike
0-1: Ball
1-1: Ball
2-1: Foul Ball, location: 2F
2-2: Foul Ball, location: 2F
2-2: Foul Ball, location: 2F
2-2: Ball
3-2: DOUBLE (Flyball, 8LXD, EV 97.5 MPH)
Batting: RHB Logan Triplett 0-0: Called Strike
0-1: Ball
1-1: Ball
2-1: Swinging Strike
2-2: Foul Ball, location: 2F
2-2: Foul Ball, location: 2F
2-2: Ball
3-2: Fly out, F1 (Line Drive, P, EV 68.1 MPH)
Batting: RHB Joey Bird 0-0: Foul Ball, location: 2F
0-1: Ball
1-1: Called Strike
1-2: TRIPLE (Flyball, 89XD, EV 109.4 MPH)
Stuart Owens scores
Batting: RHB Mason Eubanks 0-0: Called Strike
0-1: Foul Ball, location: 2F
0-2: Ball
1-2: DOUBLE (Line Drive, 3D, EV 106.2 MPH)
Joey Bird scores
Batting: RHB Preston Horner 0-0: Foul Ball, location: 2F
0-1: Ball
1-1: Called Strike
1-2: Foul Ball, location: 2F
1-2: Foul Ball, location: 2F
1-2: Ground out 4-3 (Groundball, 4, EV 108.1 MPH)
Mason Eubanks to third
Batting: SHB Lance Belcher 0-0: Ball
1-0: Foul Ball, location: 2F
1-1: DOUBLE (Groundball, 5L, EV 103.8 MPH)
Mason Eubanks scores
Batting: LHB Chandler Allen 0-0: Called Strike
0-1: Ground out 6-3 (Groundball, 6, EV 95.6 MPH)
Bottom of the 1st over - 5 runs, 5 hits, 0 errors, 1 left on base; Orlando 0 - Little Rock 5
TOP OF THE 2ND
Orlando Blackbirds batting - Pitching for Little Rock Travelers : RHP Jefferson Holewa
Batting: LHB Aiden Hill 0-0: Foul Ball, location: 2F
0-1: Ball
1-1: Foul Ball, location: 2F
1-2: Ball
2-2: Foul Ball, location: 2F
2-2: Ground out 6-3 (Groundball, 6, EV 80.6 MPH)
Batting: RHB Randy Wassell 0-0: Called Strike
0-1: Swinging Strike
0-2: Strikes out swinging
Batting: SHB Conor Coleman 0-0: Called Strike
0-1: Foul Ball, location: 2F
0-2: Fly out, F8 (Flyball, 8RM, EV 95.0 MPH)
Top of the 2nd over - 0 runs, 0 hits, 0 errors, 0 left on base; Orlando 0 - Little Rock 5
BOTTOM OF THE 2ND
Little Rock Travelers batting - Pitching for Orlando Blackbirds : LHP Geoff Roy
Batting: LHB Sanford Davis 0-0: Called Strike
0-1: Ball
1-1: Foul Ball, location: 2F
1-2: Strikes out swinging
Batting: RHB Cody Tolley 0-0: Ball
1-0: Ball
2-0: Called Strike
2-1: Ball
3-1: Base on Balls
Batting: SHB Stuart Owens 0-0: Called Strike
Cody Tolley steals 2nd base
0-1: Foul Ball, location: 2F
0-2: Foul Ball, location: 2F
0-2: Fly out, F9 (Flyball, 89M, EV 88.8 MPH)
Runner from 2nd tags up, SAFE at 3rd with throw by RF
Batting: RHB Logan Triplett 0-0: Ball
1-0: Fly out, F7 (Flyball, 7, EV 86.9 MPH)
Bottom of the 2nd over - 0 runs, 0 hits, 0 errors, 1 left on base; Orlando 0 - Little Rock 5
TOP OF THE 3RD
Orlando Blackbirds batting - Pitching for Little Rock Travelers : RHP Jefferson Holewa
Batting: RHB Billy Ojala 0-0: Fly out, F8 (Line Drive, 8LD, EV 90.6 MPH)
Batting: SHB Kenny Goss 0-0: Swinging Strike
0-1: Fly out, F7 (Flyball, 7, EV 96.2 MPH)
Batting: RHB Adrian Zabel 0-0: Ball
1-0: Fly out, F8 (Flyball, 8RM, EV 76.9 MPH)
Top of the 3rd over - 0 runs, 0 hits, 0 errors, 0 left on base; Orlando 0 - Little Rock 5
BOTTOM OF THE 3RD
Little Rock Travelers batting - Pitching for Orlando Blackbirds : LHP Geoff Roy
Batting: RHB Joey Bird 0-0: Ball
1-0: Called Strike
1-1: Fly out, F9 (Flyball, 89S, EV 90.0 MPH)
Batting: RHB Mason Eubanks 0-0: Ground out 4-3 (Groundball, 34, EV 85.6 MPH)
Batting: RHB Preston Horner 0-0: Ball
1-0: Ball
2-0: Ball
3-0: Called Strike
3-1: Foul Ball, location: 2F
3-2: Ground out 4-3 (Groundball, 34D, EV 99.4 MPH)
Bottom of the 3rd over - 0 runs, 0 hits, 0 errors, 0 left on base; Orlando 0 - Little Rock 5
TOP OF THE 4TH
Orlando Blackbirds batting - Pitching for Little Rock Travelers : RHP Jefferson Holewa
Batting: RHB Oscar Wilson 0-0: Ball
1-0: Ball
2-0: Foul Ball, location: 2F
2-1: Ball
3-1: Foul Ball, location: 2F
3-2: Strikes out swinging, 2-3 out at first.
Batting: RHB Alden Bradley 0-0: DOUBLE (Flyball, 89D, EV 103.1 MPH)
Batting: RHB Braden Sacks 0-0: Ball
1-0: Ball
2-0: Ball
Wild Pitch!
Alden Bradley to third
3-0: Called Strike
3-1: DOUBLE (Line Drive, 9LM, EV 103.8 MPH)
Alden Bradley scores
Batting: LHB Aiden Hill 0-0: DOUBLE (Line Drive, 7LM, EV 95.0 MPH)
Braden Sacks scores
Batting: RHB Randy Wassell 0-0: Called Strike
0-1: Called Strike
0-2: Ball
1-2: Ground out 4-3 (Groundball, 4, EV 86.9 MPH)
Aiden Hill to third
Batting: SHB Conor Coleman 0-0: Called Strike
0-1: Ground out 2-3 (Groundball, 2R, EV 73.1 MPH)
Top of the 4th over - 2 runs, 3 hits, 0 errors, 1 left on base; Orlando 2 - Little Rock 5
BOTTOM OF THE 4TH
Little Rock Travelers batting - Pitching for Orlando Blackbirds : LHP Geoff Roy
Batting: SHB Lance Belcher 0-0: Foul Ball, location: 2F
0-1: SINGLE (Groundball, 56D, EV 96.2 MPH)
Batting: LHB Chandler Allen 0-0: Called Strike
0-1: Swinging Strike
0-2: Strikes out looking
Batting: LHB Sanford Davis 0-0: Ball
1-0: Ball
2-0: Foul Ball, location: 2F
2-1: Ball
Wild Pitch!
Lance Belcher to second
3-1: Called Strike
3-2: Ground out 6-3 (Groundball, 6, EV 105.0 MPH)
Batting: RHB Cody Tolley 0-0: Called Strike
0-1: Ball
1-1: Foul Ball, location: 2F
1-2: Ball
2-2: Ball
3-2: Ground out U3 (Groundball, 34S, EV 86.9 MPH)
Bottom of the 4th over - 0 runs, 1 hit, 0 errors, 1 left on base; Orlando 2 - Little Rock 5
TOP OF THE 5TH
Orlando Blackbirds batting - Pitching for Little Rock Travelers : RHP Jefferson Holewa
Batting: RHB Billy Ojala 0-0: Ball
1-0: Called Strike
1-1: Swinging Strike
1-2: Ball
2-2: Strikes out swinging
Batting: SHB Kenny Goss 0-0: Ball
1-0: Ball
2-0: Called Strike
2-1: Called Strike
2-2: Ball
3-2: Ground out 3-1 (Groundball, 34S, EV 88.8 MPH)
Batting: RHB Adrian Zabel 0-0: Ball
1-0: Swinging Strike
1-1: Ball
2-1: Swinging Strike
2-2: Strikes out swinging
Top of the 5th over - 0 runs, 0 hits, 0 errors, 0 left on base; Orlando 2 - Little Rock 5
BOTTOM OF THE 5TH
Little Rock Travelers batting - Pitching for Orlando Blackbirds : LHP Geoff Roy
Batting: SHB Stuart Owens 0-0: Ball
1-0: Ball
2-0: Ball
3-0: Called Strike
3-1: Foul Ball, location: 2F
3-2: Base on Balls
Batting: RHB Logan Triplett 0-0: Called Strike
0-1: Foul Ball, location: 2F
0-2: Foul Ball, location: 2F
0-2: Strikes out swinging
Batting: RHB Joey Bird 0-0: Foul Ball, location: 2F
0-1: Called Strike
0-2: Ball
1-2: Fly out, F4 (Popup, 4D, EV 46.9 MPH)
Pitching: LHP Judson Mulefu
Batting: RHB Mason Eubanks 0-0: Ground out 5-3 (Groundball, 5S, EV 65.6 MPH)
Bottom of the 5th over - 0 runs, 0 hits, 0 errors, 1 left on base; Orlando 2 - Little Rock 5
TOP OF THE 6TH
Orlando Blackbirds batting - Pitching for Little Rock Travelers : RHP Jefferson Holewa
Batting: RHB Oscar Wilson 0-0: Ball
1-0: Called Strike
1-1: Fly out, F7 (Flyball, 78D, EV 88.8 MPH)
Batting: RHB Alden Bradley 0-0: Ball
1-0: Ball
2-0: Called Strike
2-1: Ground out U3 (Groundball, 34S, EV 63.1 MPH)
Batting: RHB Braden Sacks 0-0: Foul Ball, location: 2F
0-1: Swinging Strike
0-2: Strikes out swinging
Top of the 6th over - 0 runs, 0 hits, 0 errors, 0 left on base; Orlando 2 - Little Rock 5
BOTTOM OF THE 6TH
Little Rock Travelers batting - Pitching for Orlando Blackbirds : LHP Judson Mulefu
Batting: RHB Preston Horner 0-0: Called Strike
0-1: Fly out, F7 (Flyball, 78M, EV 83.8 MPH)
Batting: SHB Lance Belcher 0-0: Called Strike
0-1: Ball
1-1: Foul Ball, location: 2F
1-2: Ball
2-2: Ball
3-2: Base on Balls
Batting: LHB Chandler Allen 0-0: Ball
1-0: Ball
2-0: Called Strike
2-1: Ball
3-1: Base on Balls
Lance Belcher to second
Batting: LHB Sanford Davis 0-0: Fielders Choice at 2nd, 4-6 (Groundball, 4M, EV 105.6 MPH)
Lance Belcher to third
Batting: RHB Cody Tolley 0-0: Foul Ball, location: 2F
0-1: Ball
1-1: Swinging Strike
1-2: Foul Ball, location: 2F
1-2: SINGLE (Groundball, 4M, EV 101.9 MPH) (infield hit)
Lance Belcher scores
Sanford Davis to second
Pitching: LHP Martin Talbot
Batting: SHB Stuart Owens 0-0: Ball
1-0: Fly out, F8 (Flyball, 8LD, EV 100.6 MPH)
Bottom of the 6th over - 1 run, 1 hit, 0 errors, 2 left on base; Orlando 2 - Little Rock 6
TOP OF THE 7TH
Orlando Blackbirds batting - Pitching for Little Rock Travelers : RHP Jefferson Holewa
Batting: LHB Aiden Hill 0-0: Ball
1-0: Called Strike
1-1: Fly out, F5 (Popup, 25F, EV 88.8 MPH)
Batting: RHB Randy Wassell 0-0: Ball
1-0: Foul Ball, location: 2F
1-1: Called Strike
1-2: Strikes out swinging
Batting: SHB Conor Coleman 0-0: Ball
1-0: Ground out 6-3 (Groundball, 56, EV 102.5 MPH)
Top of the 7th over - 0 runs, 0 hits, 0 errors, 0 left on base; Orlando 2 - Little Rock 6
BOTTOM OF THE 7TH
Little Rock Travelers batting - Pitching for Orlando Blackbirds : LHP Martin Talbot
Batting: RHB Logan Triplett 0-0: Ball
1-0: Ball
2-0: Called Strike
2-1: Foul Ball, location: 2F
2-2: Foul Ball, location: 2F
2-2: Fly out, F4 (Popup, 4M, EV 63.1 MPH)
Batting: RHB Joey Bird 0-0: Ball
1-0: Ball
2-0: Foul Ball, location: 2F
2-1: Ball
3-1: Foul Ball, location: 2F
3-2: Ground out 6-3 (Groundball, 6, EV 96.2 MPH)
Batting: RHB Mason Eubanks 0-0: Foul Ball, location: 2F
0-1: Ball
1-1: Foul Ball, location: 2F
1-2: Fly out, F8 (Flyball, 8RXD, EV 109.4 MPH)
Bottom of the 7th over - 0 runs, 0 hits, 0 errors, 0 left on base; Orlando 2 - Little Rock 6
TOP OF THE 8TH
Orlando Blackbirds batting - Pitching for Little Rock Travelers : RHP Jefferson Holewa
Batting: RHB Billy Ojala 0-0: Ball
1-0: Ball
2-0: Called Strike
2-1: Foul Ball, location: 2F
2-2: Foul Ball, location: 2F
2-2: Strikes out looking
Pitching: RHP Ta'Jon Olide
Batting: SHB Kenny Goss 0-0: Foul Ball, location: 2F
0-1: Ball
1-1: Foul Ball, location: 2F
1-2: Ground out U3 (Groundball, 34, EV 86.9 MPH)
Batting: RHB Adrian Zabel 0-0: Ball
1-0: Ball
2-0: Called Strike
2-1: Ball
3-1: Foul Ball, location: 2F
3-2: Base on Balls
Batting: RHB Oscar Wilson 0-0: Ball
1-0: Called Strike
1-1: Ball
2-1: Ball
3-1: Called Strike
3-2: Base on Balls
Adrian Zabel to second
Batting: RHB Alden Bradley 0-0: Called Strike
0-1: Called Strike
0-2: Hit by Pitch
Adrian Zabel to third
Oscar Wilson to second
Batting: RHB Braden Sacks 0-0: SINGLE (Flyball, 78M, EV 96.9 MPH)
Adrian Zabel scores
Oscar Wilson to third
Alden Bradley to second
Runner from 3rd tries for Home, SAFE, throw by LF to home
Batting: LHB Aiden Hill 0-0: Ball
1-0: Ball
2-0: Ball
3-0: Called Strike
3-1: Base on Balls
Alden Bradley to third
Braden Sacks to second
Batting: RHB Randy Wassell 0-0: Ball
1-0: Called Strike
1-1: Swinging Strike
1-2: Ball
2-2: Ball
3-2: SINGLE (Flyball, 8RS, EV 98.1 MPH)
Alden Bradley scores
Braden Sacks to third
Aiden Hill to second
Braden Sacks scores
Aiden Hill to third
Pitching: RHP Vin Chasovodov
Batting: SHB Conor Coleman 0-0: Ball
1-0: Foul Ball, location: 2F
1-1: SINGLE (Line Drive, 9S, EV 105.6 MPH)
Aiden Hill scores
Randy Wassell to second
Batting: RHB Billy Ojala 0-0: Called Strike
0-1: Called Strike
0-2: Fly out, F7 (Line Drive, 7LS, EV 96.9 MPH)
Top of the 8th over - 5 runs, 3 hits, 0 errors, 2 left on base; Orlando 7 - Little Rock 6
BOTTOM OF THE 8TH
Little Rock Travelers batting - Pitching for Orlando Blackbirds : LHP Martin Talbot
Pitching: RHP Blake Gordon
Now at 1B: Conor Coleman
Now at SS: Billy Wright
Now in RF: Reynold Chimanga
Batting: RHB Preston Horner 0-0: Called Strike
0-1: Foul Ball, location: 2F
0-2: Foul Ball, location: 2F
0-2: Ball
1-2: Fly out, F8 (Flyball, 8RM, EV 95.0 MPH)
Batting: SHB Lance Belcher 0-0: Ball
1-0: Ball
2-0: Called Strike
2-1: Called Strike
2-2: Foul Ball, location: 2F
2-2: Ball
3-2: Foul Ball, location: 2F
3-2: Strikes out looking
Batting: LHB Chandler Allen 0-0: Called Strike
0-1: Ball
1-1: Ball
2-1: Foul Ball, location: 2F
2-2: Foul Ball, location: 2F
2-2: Ball
3-2: Base on Balls
Batting: LHB Sanford Davis 0-0: Foul Ball, location: 2F
0-1: Called Strike
0-2: Foul Ball, location: 2F
0-2: Ball
1-2: Strikes out looking
Bottom of the 8th over - 0 runs, 0 hits, 0 errors, 1 left on base; Orlando 7 - Little Rock 6
TOP OF THE 9TH
Orlando Blackbirds batting - Pitching for Little Rock Travelers : RHP Vin Chasovodov
Pinch Hitting: RHB Garick Rieck 0-0: Foul Ball, location: 2F
0-1: Foul Ball, location: 2F
0-2: Strikes out swinging
Batting: RHB Adrian Zabel 0-0: Ball
1-0: Ball
2-0: Swinging Strike
2-1: Ball
3-1: Ground out 5-3 (Groundball, 56, EV 88.8 MPH)
Batting: RHB Billy Wright 0-0: DOUBLE (Groundball, 5L, EV 103.8 MPH)
Batting: RHB Alden Bradley 0-0: Called Strike
0-1: Ball
1-1: Called Strike
1-2: Ball
2-2: Foul Ball, location: 2F
2-2: Strikes out swinging, 2-3 out at first.
Top of the 9th over - 0 runs, 1 hit, 0 errors, 1 left on base; Orlando 7 - Little Rock 6
BOTTOM OF THE 9TH
Little Rock Travelers batting - Pitching for Orlando Blackbirds : RHP Blake Gordon
Now at 3B: Logan Rodacker
Batting: RHB Cody Tolley 0-0: Ground out 5-3 (Groundball, 5L, EV 98.1 MPH)
Batting: SHB Stuart Owens 0-0: Ball
1-0: Ball
2-0: Foul Ball, location: 2F
2-1: SINGLE (Groundball, 4MD, EV 96.2 MPH)
Batting: RHB Logan Triplett 0-0: Called Strike
0-1: Foul Ball, location: 2F
0-2: Strikes out looking
Batting: RHB Joey Bird 0-0: Called Strike
0-1: Ball
1-1: Ground out 4-3 (Groundball, 4D, EV 106.2 MPH)
Bottom of the 9th over - 0 runs, 1 hit, 0 errors, 1 left on base; Orlando 7 - Little Rock 6
Monday, April 29th , 2024 - OOTP Baseball 23.10 Build 110